[Event "Titled Tuesday Blitz March 07 Early 2023"]
[White "Pein, Jonathan"]
[Black "Klabis, Rokas"]
[WhiteFideId "417092"]
[BlackFideId "12805246"]
[WhiteElo "2151"]
[BlackElo "2288"]
[Result "1/2-1/2"]
[Round "01"]
[TimeControl "180+2"]
[Date "2023.03.07"]
[WhiteClock "0:00:05"]
[BlackClock "0:00:29"]

1. e4 e5 2. Nc3 Nc6 3. Nf3 Be7 4. Bc4 Nf6 5. d3 O-O 6. O-O d6 7. h3 h6 8. a4 Nh7 9. Re1 Ng5 10. Nd5 Nxf3+ 11. Qxf3 Kh8 12. Nxe7 Qxe7 13. c3 Be6 14. Bxe6 fxe6 15. Qg3 d5 16. f4 exf4 17. Bxf4 e5 18. exd5 exf4 19. Rxe7 fxg3 20. dxc6 bxc6 21. Rf1 Rxf1+ 22. Kxf1 Rf8+ 23. Ke1 Rf2 24. Re2 Rf4 25. Re4 Rf2 26. Re2 Rf5 27. Kd2 h5 28. h4 Rf4 29. Re4 Rf2+ 30. Re2 Rf4 31. Re4 Rf6 32. b4 Kh7 33. d4 Rf2+ 34. Re2 Rf4 35. Re3 Rg4 36. Kd3 g5 37. hxg5 h4 38. Re1 Kg6 39. Ke3 Kxg5 40. a5 Rf4 41. c4 Rf2 42. Re2 Rf1 43. Ke4 Kg4 44. d5 Rc1 45. Kd4 h3 46. gxh3+ Kxh3 47. Re7 g2 48. Rh7+ Kg3 49. Rxc7 cxd5 50. Rg7+ Kf3 51. cxd5 g1=Q+ 52. Rxg1 Rxg1 53. d6 Rd1+ 54. Kc5 Ke4 55. Kc6 Ke5 56. d7 Ke6 57. b5 Rxd7 58. b6 axb6 59. axb6 Rd1 60. b7 Rb1 61. Kc7 Rc1+ 62. Kd8 Rb1 63. Kc8 Rc1+ 64. Kd8 Rd1+ 65. Kc8 Rc1+ 66. Kd8 1/2-1/2


[Site "https://www.chess.com"]

[Event "Titled Tuesday Blitz March 07 Early 2023"]
[White "Nouri, Alekhine"]
[Black "Bochnicka, Vladimir"]
[WhiteFideId "5216184"]
[BlackFideId "14943450"]
[WhiteElo "2151"]
[BlackElo "2094"]
[Result "1-0"]
[Round "01"]
[TimeControl "180+2"]
[Date "2023.03.07"]
[WhiteClock "0:00:05"]
[BlackClock "0:00:01"]

1. e4 c5 2. Nf3 Nc6 3. d4 cxd4 4. Nxd4 e5 5. Nb5 d6 6. N1c3 a6 7. Na3 Be7 8. Be3 Nf6 9. f3 b5 10. Nd5 O-O 11. Nxe7+ Nxe7 12. c4 b4 13. Nc2 a5 14. Be2 Ng6 15. Qd2 Be6 16. Rd1 Ne8 17. O-O Qc7 18. b3 Kh8 19. Bf2 f5 20. exf5 Bxf5 21. Ne3 Be6 22. Bd3 Nf4 23. Be4 Rd8 24. Bg3 Nf6 25. Qc2 Qa7 26. Bf2 Qf7 27. Rd2 Qh5 28. Rfd1 Nxe4 29. Qxe4 Rde8 30. Bg3 Rf6 31. Rxd6 Ne2+ 32. Kf2 Nc3 33. Qc6 Nxd1+ 34. Nxd1 Qg6 35. Ne3 Bc8 36. Rxf6 gxf6 37. Bh4 Rf8 38. Nd5 Kg7 39. Bxf6+ Rxf6 40. Nxf6 Qxf6 41. Qxc8 Qb6+ 42. c5 Qh6 43. Qd7+ Kh8 44. c6 1-0


[Site "https://www.chess.com"]

[Event "Titled Tuesday Blitz March 07 Early 2023"]
[White "Osinovsky, Stepan"]
[Black "Goltsev, Dmitry"]
[WhiteFideId "4157354"]
[BlackFideId "24176710"]
[WhiteElo "2222"]
[BlackElo "2336"]
[Result "0-1"]
[Round "01"]
[TimeControl "180+2"]
[Date "2023.03.07"]
[WhiteClock "0:00:01"]
[BlackClock "0:00:13"]

1. e4 e6 2. d3 d5 3. Nd2 c5 4. Ngf3 Nc6 5. g3 b6 6. Bg2 Bb7 7. O-O Nf6 8. Re1 Be7 9. c3 dxe4 10. dxe4 O-O 11. Qe2 a5 12. Nc4 Ba6 13. Bf4 b5 14. Rad1 Qe8 15. Nd6 Qb8 16. Nxf7 Qb6 17. N7g5 Nd8 18. e5 Nd5 19. Qe4 g6 20. Nxe6 Nxe6 21. Qxd5 Bb7 22. Qd7 Rf7 23. Rd6 Bxd6 24. Qxe6 Bc7 25. Qxb6 Bxb6 26. e6 Re7 27. Bd6 Ree8 28. e7 Rac8 29. Ne5 Bxg2 30. Kxg2 Bc7 31. Bxc5 Bxe5 32. Rxe5 Kf7 33. a3 Rc6 34. b4 a4 35. h4 Re6 36. Rd5 Re2 37. Bd6 Rc2 38. Rc5 Ke6 39. Rc6 Kd5 40. Rb6 Rxc3 41. Bc5 Kc4 42. Rf6 Kb3 43. Rf8 Rxc5 44. Rxe8 Re5 45. f4 Re6 46. g4 Kxa3 47. f5 Re4 48. Kf3 Re1 49. Kf2 Re4 50. Kf3 Re1 51. f6 Rf1+ 52. Ke2 Rxf6 53. Kd3 Re6 54. Kd4 Kxb4 55. Kd5 Re1 56. Kd6 a3 57. Ra8 Kb3 58. e8=Q Rxe8 59. Rxe8 a2 0-1


[Site "https://www.chess.com"]

[Event "Titled Tuesday Blitz March 07 Early 2023"]
[White "Karthik Rajaa"]
[Black "Slade, Theodore"]
[WhiteFideId "25035215"]
[BlackFideId "426547"]
[WhiteElo "2215"]
[BlackElo "1964"]
[Result "0-1"]
[Round "01"]
[TimeControl "180+2"]
[Date "2023.03.07"]
[WhiteClock "0:00:08"]
[BlackClock "0:00:07"]

1. Nf3 d5 2. d4 Nf6 3. c4 e6 4. e3 Be7 5. Nbd2 O-O 6. b3 c5 7. Bb2 cxd4 8. exd4 Nc6 9. Be2 b6 10. O-O Bb7 11. Rc1 Rc8 12. a3 Re8 13. c5 bxc5 14. dxc5 Qc7 15. b4 a6 16. Qb3 e5 17. a4 d4 18. Nc4 Rb8 19. Nb6 a5 20. b5 Nb4 21. Ba3 Bxc5 22. Bxb4 axb4 23. a5 Bxf3 24. Bxf3 e4 25. Na4 Rxb5 26. Be2 d3 27. Bxd3 exd3 28. Qxd3 Rxa5 29. Nb2 Qa7 30. Nc4 Ra2 31. Qf3 Ne4 32. Ne3 Nd2 33. Qc6 Rb8 34. Rfd1 Nb3 35. Rb1 Nd4 36. Qe4 Ne2+ 37. Kh1 Nc3 38. Qh4 Nxd1 39. Rxd1 h6 40. Nf5 Bf8 41. Qg4 Kh7 42. Qe4 g6 43. Ne3 Rxf2 44. Ng4 Rf5 45. Ne3 Ra5 46. Nd5 Bg7 47. Ne7 Re8 48. Re1 Re5 49. Qxb4 Rxe1+ 50. Qxe1 Qxe7 51. Qf1 Qe1 52. Kg1 Bd4+ 0-1


[Site "https://www.chess.com"]

[Event "Titled Tuesday Blitz March 07 Early 2023"]
[White "Bouchet, Sebastien"]
[Black "Petrosian, Karlen"]
[WhiteFideId "623571"]
[BlackFideId "4176146"]
[WhiteElo "2390"]
[BlackElo "2345"]
[Result "0-1"]
[Round "01"]
[TimeControl "180+2"]
[Date "2023.03.07"]
[WhiteClock "0:00:29"]
[BlackClock "0:00:34"]

1. e4 c5 2. c3 Nf6 3. e5 Nd5 4. d4 cxd4 5. Nf3 d6 6. Bc4 Nb6 7. Bb3 Nc6 8. exd6 Qxd6 9. O-O dxc3 10. Qe2 e6 11. Nxc3 Be7 12. Rd1 Qc5 13. Be3 Qh5 14. Ne4 O-O 15. Ng3 Qa5 16. Rac1 Nd5 17. Bg5 Bxg5 18. Nxg5 h6 19. N5e4 Nf4 20. Qf3 e5 21. Nd6 Qc7 22. Nge4 Qe7 23. Nc5 h5 24. Nxc8 Raxc8 25. Rd7 Qg5 26. Qe3 Nd4 27. h4 Qxg2# 0-1


[Site "https://www.chess.com"]

[Event "Titled Tuesday Blitz March 07 Early 2023"]
[White "Levitskiy, Andrey"]
[Black "Miszler, Levente"]
[WhiteFideId "14132885"]
[BlackFideId "763276"]
[WhiteElo "2335"]
[BlackElo "2176"]
[Result "0-1"]
[Round "01"]
[TimeControl "180+2"]
[Date "2023.03.07"]
[WhiteClock "0:00:06"]
[BlackClock "0:00:18"]

1. e4 e6 2. d4 d5 3. Bd3 Nc6 4. c3 g6 5. e5 Bg7 6. h4 f6 7. h5 Kf7 8. exf6 Nxf6 9. h6 Bf8 10. Nf3 Bd6 11. Bg5 e5 12. dxe5 Nxe5 13. Nxe5+ Bxe5 14. Nd2 Re8 15. Kf1 Qd6 16. Nf3 Bf4 17. Qc2 Bg4 18. Rh4 Re6 19. Qa4 d4 20. Bc4 Re8 21. Rxg4 Nxg4 22. Bxf4 Qxf4 23. Qd7+ Kf6 24. Qg7+ Kf5 25. Nxd4+ Kg5 26. Nf3+ Kh5 27. Bxe6 Rxe6 28. Re1 Rxe1+ 29. Kxe1 Qc1+ 30. Ke2 Qc2+ 31. Nd2 Qf5 32. f3 Ne5 33. Qxe5 Qxe5+ 34. Ne4 Kxh6 35. g4 Qh2+ 36. Ke3 Qxb2 37. a4 Qa3 38. Kd3 Qxa4 0-1


[Site "https://www.chess.com"]

[Event "Titled Tuesday Blitz March 07 Early 2023"]
[White "Zhukova, Natalia"]
[Black "Msellek, Ilyass"]
[WhiteFideId "14101513"]
[BlackFideId "675938"]
[WhiteElo "2297"]
[BlackElo "2287"]
[Result "0-1"]
[Round "01"]
[TimeControl "180+2"]
[Date "2023.03.07"]
[WhiteClock "0:00:02"]
[BlackClock "0:01:05"]

1. c4 Nf6 2. Nc3 c6 3. e4 d5 4. exd5 cxd5 5. cxd5 Nxd5 6. d4 Nc6 7. Nf3 Bg4 8. Bc4 e6 9. O-O Be7 10. h3 Bh5 11. Nxd5 exd5 12. Be2 O-O 13. Be3 Bf6 14. Qd2 Re8 15. Rad1 Rc8 16. Rfe1 Qb6 17. Ne5 Bxe2 18. Rxe2 Qa6 19. Nxc6 Rxc6 20. Rde1 Qxa2 21. Bg5 Rxe2 22. Rxe2 Re6 23. Bxf6 gxf6 24. Re3 Rxe3 25. Qxe3 Qb1+ 26. Kh2 Kf8 27. Qf4 Kg7 28. Qg3+ Qg6 29. Qd6 Qe4 30. Qg3+ Kf8 31. Qd6+ Kg7 32. Qg3+ Kh6 33. Qc7 Qxd4 34. Qxf7 Qe5+ 35. Kg1 d4 36. g3 d3 37. Qd7 Qe1+ 38. Kg2 d2 39. Qf5 Qe5 40. Qd7 Qe4+ 41. Kh2 Qe2 42. Qf5 Kg7 43. Qd7+ Kg6 0-1


[Site "https://www.chess.com"]

[Event "Titled Tuesday Blitz March 07 Early 2023"]
[White "De Silva, L M S T"]
[Black "Shubenkova, Veronika"]
[WhiteFideId "9953698"]
[BlackFideId "44124040"]
[WhiteElo "2403"]
[BlackElo "2027"]
[Result "1-0"]
[Round "01"]
[TimeControl "180+2"]
[Date "2023.03.07"]
[WhiteClock "0:01:06"]
[BlackClock "0:01:11"]

1. Nf3 d5 2. e3 Nf6 3. c4 e6 4. b3 Be7 5. Bb2 O-O 6. Nc3 b6 7. g3 Bb7 8. Bg2 c5 9. cxd5 Nxd5 10. O-O Na6 11. Qe2 Nab4 12. Rfd1 Ba6 13. Nb5 Qe8 14. a4 Rd8 15. d4 Bxb5 16. axb5 Rd7 17. Ne5 Rc7 18. e4 Nf6 19. d5 exd5 20. exd5 Bd6 21. f4 Qa8 22. Qc4 Re8 23. Nc6 Nxc6 24. dxc6 Bf8 25. Be5 Qc8 26. Bxc7 Qxc7 27. Re1 Rd8 28. Rad1 Rd4 29. Rxd4 cxd4 30. h3 Bc5 31. b4 Bf8 32. Qxd4 Nh5 33. Kh2 g5 34. Qd7 Bd6 35. Qxc7 Bxc7 36. Re7 Bd6 37. Rd7 1-0


[Site "https://www.chess.com"]

[Event "Titled Tuesday Blitz March 07 Early 2023"]
[White "Matutururu, Maxman"]
[Black "Preotu, Razvan"]
[WhiteFideId "11004487"]
[BlackFideId "2613280"]
[WhiteElo "2386"]
[BlackElo "2407"]
[Result "1-0"]
[Round "01"]
[TimeControl "180+2"]
[Date "2023.03.07"]
[WhiteClock "0:00:46"]
[BlackClock "0:00:01"]

1. d4 Nf6 2. c4 g6 3. Nf3 Bg7 4. g3 O-O 5. Bg2 d5 6. cxd5 Nxd5 7. O-O Nb6 8. Nc3 Nc6 9. d5 Na5 10. e4 c6 11. Bf4 cxd5 12. Nxd5 Nxd5 13. exd5 Nc4 14. b3 Nb6 15. d6 exd6 16. Bxd6 Bxa1 17. Bxf8 Qxd1 18. Rxd1 Kxf8 19. Rxa1 h6 20. Rc1 Be6 21. Nd4 Bd5 22. Rc7 Rd8 23. Nb5 a6 24. Nc3 Bxg2 25. Kxg2 Rd7 26. Rxd7 Nxd7 27. Nd5 Ne5 28. f4 Nd3 29. Kf3 Nc5 30. b4 Ne6 31. a4 f5 32. Ke3 Ke8 33. a5 Kd7 34. Kd3 Kd6 35. Kc4 g5 36. Ne3 Ng7 37. h4 gxf4 38. gxf4 Kc6 39. Nc2 h5 40. Nd4+ Kd6 41. b5 axb5+ 42. Kxb5 Kd5 43. Ne2 Ne6 44. Kb6 Nc5 45. Ng3 Na4+ 46. Kxb7 1-0


[Site "https://www.chess.com"]

[Event "Titled Tuesday Blitz March 07 Early 2023"]
[White "Kucuksari, Kaan"]
[Black "Valle Maytin, Luis Enrique"]
[WhiteFideId "6380166"]
[BlackFideId "3503666"]
[WhiteElo "2364"]
[BlackElo "2225"]
[Result "1-0"]
[Round "01"]
[TimeControl "180+2"]
[Date "2023.03.07"]
[WhiteClock "0:00:25"]
[BlackClock "0:00:04"]

1. d4 Nf6 2. Bg5 Ne4 3. Bf4 d5 4. e3 g6 5. Nd2 Nxd2 6. Qxd2 Bg7 7. h4 h5 8. Nf3 Bg4 9. Ne5 Be6 10. Bd3 Nd7 11. Nf3 a6 12. Ng5 Nf8 13. c4 dxc4 14. Nxe6 Nxe6 15. Bxc4 Nxf4 16. exf4 Qxd4 17. Qxd4 Bxd4 18. O-O e6 19. Rad1 O-O-O 20. b3 Rd6 21. g3 Rhd8 22. Kg2 c5 23. Be2 Kc7 24. Rc1 Kb6 25. Rc2 Bf6 26. Rfc1 Rd2 27. Kf3 Bb2 28. Rxd2 Rxd2 29. Rd1 Rxd1 30. Bxd1 Kb5 31. f5 gxf5 32. Kf4 Bc1+ 33. Ke5 Kc6 34. Bf3+ Kc7 35. Kf6 1-0


[Site "https://www.chess.com"]

[Event "Titled Tuesday Blitz March 07 Early 2023"]
[White "Mayaud, Raphael"]
[Black "Korchmar, Vasiliy"]
[WhiteFideId "627151"]
[BlackFideId "24131750"]
[WhiteElo "2191"]
[BlackElo "2370"]
[Result "0-1"]
[Round "01"]
[TimeControl "180+2"]
[Date "2023.03.07"]
[WhiteClock "0:00:08"]
[BlackClock "0:00:16"]

1. d4 d5 2. Nf3 Nf6 3. e3 c6 4. Bd3 Bg4 5. O-O Nbd7 6. b3 e5 7. dxe5 Nxe5 8. Be2 Bd6 9. Bb2 Bxf3 10. Bxf3 O-O 11. Nd2 Qe7 12. Be2 Rad8 13. Nf3 Ne4 14. Nxe5 Bxe5 15. Bxe5 Qxe5 16. Qd4 Qxd4 17. exd4 Rfe8 18. Bd3 Re6 19. f3 Nc3 20. Rfe1 Rde8 21. Rxe6 Rxe6 22. Kf2 b5 23. a4 b4 24. Re1 Rxe1 25. Kxe1 Kf8 26. Kd2 Ke7 27. h4 h6 28. g4 g5 29. hxg5 hxg5 30. Bf5 Kd6 31. Bc8 c5 32. dxc5+ Kxc5 33. Kd3 f6 34. Be6 a5 35. Bc8 Nd1 36. Ke2 Nc3+ 37. Kd3 Na2 38. Bf5 Nc1+ 39. Kd2 Na2 40. Kd3 Nc3 41. Be6 d4 42. Bf7 Nd5 43. Bxd5 Kxd5 44. Kd2 Ke5 45. Ke2 f5 46. gxf5 Kxf5 47. Kd3 Kf4 48. Kxd4 Kxf3 49. c3 bxc3 50. Kxc3 g4 51. b4 axb4+ 52. Kxb4 g3 53. a5 g2 54. a6 g1=Q 55. Kb5 Qa7 0-1


[Site "https://www.chess.com"]

[Event "Titled Tuesday Blitz March 07 Early 2023"]
[White "Weetik, Vjacheslav"]
[Black "Bas Mas, Jose Joaquin"]
[WhiteFideId "4153472"]
[BlackFideId "22219064"]
[WhiteElo "2469"]
[BlackElo "2233"]
[Result "1-0"]
[Round "01"]
[TimeControl "180+2"]
[Date "2023.03.07"]
[WhiteClock "0:00:12"]
[BlackClock "0:00:33"]

1. d4 d5 2. Bf4 Nf6 3. e3 c5 4. c3 Nc6 5. Nd2 Bf5 6. Ngf3 Qb6 7. Nh4 Bg6 8. Nxg6 hxg6 9. Qb3 c4 10. Qc2 e6 11. b3 cxb3 12. axb3 Be7 13. h3 O-O 14. Be2 Rfc8 15. O-O a6 16. Rfc1 Qd8 17. Qb1 Bd6 18. Bg5 Ne7 19. e4 Nxe4 20. Nxe4 dxe4 21. Qxe4 Qd7 22. Bf3 Rab8 23. c4 Bb4 24. Rd1 Re8 25. Rd3 f6 26. Bf4 Bd6 27. Bd2 Nf5 28. Re1 Bc7 29. Bc3 Qd6 30. g3 Kf7 31. c5 Qd7 32. d5 exd5 33. Qxd5+ Qxd5 34. Bxd5+ Kf8 35. Rxe8+ Kxe8 36. b4 Ne7 37. Be6 Rd8 38. Re3 Rd1+ 39. Kg2 g5 40. Bc8 b6 41. Bxa6 bxc5 42. bxc5 Rc1 43. Bb4 Kd8 44. Rd3+ Ke8 45. Bb5+ Kf7 46. Rd7 Be5 47. c6 1-0


[Site "https://www.chess.com"]

[Event "Titled Tuesday Blitz March 07 Early 2023"]
[White "Hindermann, Felix"]
[Black "Aldokhin, Ivan"]
[WhiteFideId "1305212"]
[BlackFideId "24115720"]
[WhiteElo "2206"]
[BlackElo "2322"]
[Result "0-1"]
[Round "01"]
[TimeControl "180+2"]
[Date "2023.03.07"]
[WhiteClock "0:00:56"]
[BlackClock "0:00:15"]

1. e4 c5 2. c3 e6 3. d4 cxd4 4. cxd4 d5 5. e5 Nc6 6. Nf3 Nge7 7. Bd3 Nf5 8. Bxf5 exf5 9. Nc3 Be6 10. O-O Be7 11. Be3 g5 12. Ne1 f4 13. Bc1 Qb6 14. Nc2 Rd8 15. b4 Bf5 16. Na4 Qb5 17. Nc5 Bxc2 18. Qxc2 Nxd4 19. Qd3 Bxc5 20. Qxb5+ Nxb5 21. bxc5 Kd7 22. a4 Nd4 23. Bb2 Ne6 24. Rab1 Kc6 25. Bc3 d4 26. Ba5 Rd5 27. Rb5 Rxc5 28. Rfb1 b6 29. Bb4 Rxb5 30. axb5+ Kxb5 31. Kf1 Kc6 32. Ke2 Kd5 33. Bd6 Rc8 34. Rb5+ Ke4 35. f3+ Kf5 36. g4+ fxg3 37. hxg3 h5 38. Rb1 Rc2+ 39. Kd3 Rc3+ 40. Ke2 g4 41. fxg4+ hxg4 42. Rf1+ Rf3 43. Rh1 d3+ 44. Kd2 Ke4 45. Re1+ Kd4 46. Ra1 Rf2+ 47. Ke1 Ke3 48. Bb4 a5 49. Bc3 Ng5 50. Kd1 Rf1+ 51. Be1 Nf3 52. Kc1 Rxe1+ 53. Kb2 Rxa1 54. Kxa1 d2 55. Ka2 d1=Q 56. e6 Qc2+ 57. Ka3 Qc3+ 58. Ka2 fxe6 59. Kb1 Qd2 60. Ka1 Kd3 61. Kb1 Kc3 62. Ka1 Qb2# 0-1


[Site "https://www.chess.com"]

[Event "Titled Tuesday Blitz March 07 Early 2023"]
[White "Akhvlediani, Irakli"]
[Black "Andrews, Todd"]
[WhiteFideId "13601938"]
[BlackFideId "2012456"]
[WhiteElo "2268"]
[BlackElo "2381"]
[Result "0-1"]
[Round "01"]
[TimeControl "180+2"]
[Date "2023.03.07"]
[WhiteClock "0:00:05"]
[BlackClock "0:00:16"]

1. c4 e5 2. Nc3 Nc6 3. g3 f5 4. Bg2 Nf6 5. d3 Bb4 6. Nf3 d6 7. O-O Bxc3 8. bxc3 O-O 9. Nd2 Qe8 10. c5 Qh5 11. cxd6 cxd6 12. Nf3 Kh8 13. Ba3 Rd8 14. d4 Be6 15. Rb1 Rab8 16. dxe5 dxe5 17. Qa4 e4 18. Nd4 Nxd4 19. cxd4 f4 20. Be7 Re8 21. Bxf6 gxf6 22. Rb5 Qxe2 23. Rxb7 f3 24. Rfb1 e3 25. Bf1 Qxf2+ 26. Kh1 Bd5 27. Rxb8 Qg1+ 0-1


[Site "https://www.chess.com"]

[Event "Titled Tuesday Blitz March 07 Early 2023"]
[White "Jovic, Stanoje"]
[Black "Pourramezanali, Amirreza"]
[WhiteFideId "905020"]
[BlackFideId "12511412"]
[WhiteElo "2236"]
[BlackElo "2382"]
[Result "1/2-1/2"]
[Round "01"]
[TimeControl "180+2"]
[Date "2023.03.07"]
[WhiteClock "0:00:08"]
[BlackClock "0:00:03"]

1. c4 c6 2. e4 d5 3. exd5 cxd5 4. cxd5 Nf6 5. Qa4+ Nbd7 6. Bc4 g6 7. d3 Bg7 8. Nc3 O-O 9. Nf3 a6 10. Qa3 Rb8 11. Bf4 Ra8 12. O-O Re8 13. Rfe1 Bf8 14. d6 e6 15. d4 Nb6 16. b3 Bd7 17. Ne5 Bc6 18. Nxc6 bxc6 19. Na4 Nc8 20. Nc5 Nxd6 21. Qa4 Nxc4 22. Qxc4 Qd5 23. Be5 Be7 24. Rac1 a5 25. h3 Rec8 26. g4 Qxc4 27. bxc4 h5 28. f3 Nh7 29. Ne4 Rd8 30. Red1 hxg4 31. hxg4 f5 32. Nc5 Kf7 33. Rb1 Ng5 34. Kg2 Ra7 35. Kg3 Bxc5 36. dxc5 Rxd1 37. Rxd1 Rb7 38. Kf4 Nh7 39. g5 Nf8 40. Rd6 Rb4 41. Rxc6 Rxc4+ 42. Kg3 Nd7 43. Rc7 Ke8 44. Bd6 e5 45. Rc8+ Kf7 46. Rd8 Ke6 47. Re8+ Kd5 48. Rg8 Rc3 49. Rxg6 e4 50. Rg8 Rxf3+ 51. Kg2 Ra3 52. g6 Rxa2+ 53. Kh3 Nf6 54. Rf8 Nh5 55. Rh8 Ng7 56. Rh7 Ne6 57. g7 Nxg7 58. Rxg7 e3 59. Rf7 Ke4 60. c6 Rc2 61. c7 e2 62. Re7+ Kf3 63. Kh4 Rc6 64. Kg5 f4 65. Bxf4 a4 66. Bd2 a3 67. Re3+ Kf2 68. Rxa3 Rxc7 69. Be3+ Kf1 70. Bd2 Rd7 71. Bb4 Rd4 72. Ra1+ Kf2 73. Bc5 e1=Q 74. Bxd4+ Ke2 75. Rxe1+ Kxe1 1/2-1/2


[Site "https://www.chess.com"]

[Event "Titled Tuesday Blitz March 07 Early 2023"]
[White "Kowalczyk, Pawel"]
[Black "Girsh, Daniel"]
[WhiteFideId "1130641"]
[BlackFideId "30949190"]
[WhiteElo "2324"]
[BlackElo "2075"]
[Result "1-0"]
[Round "01"]
[TimeControl "180+2"]
[Date "2023.03.07"]
[WhiteClock "0:00:30"]
[BlackClock "0:00:10"]

1. e4 c5 2. Ne2 d6 3. g3 Nc6 4. Bg2 g6 5. O-O Bg7 6. c3 Nf6 7. d4 O-O 8. h3 Bd7 9. Be3 cxd4 10. cxd4 Rc8 11. Nbc3 a6 12. f4 e5 13. fxe5 dxe5 14. d5 Na5 15. b3 Ne8 16. Qd2 Nd6 17. g4 f5 18. gxf5 gxf5 19. exf5 Nxf5 20. Bg5 Qb6+ 21. Kh2 h6 22. Rxf5 Rxf5 23. Be3 Qb4 24. Bxh6 Rh5 25. Bxg7 Kxg7 26. Rg1 Kh8 27. Qe3 Rg8 28. Ng3 Rhg5 29. Nce4 R5g6 30. Qf3 Rh6 31. Qf7 Be8 32. Qf5 Qe7 33. d6 Qe6 34. Qxe6 Rxe6 35. Bf3 Rh6 36. Rc1 Nc6 37. Nc5 Rxd6 38. Nge4 Rh6 39. Nxb7 Nd4 40. Bg2 Bc6 41. Nbc5 Ne2 42. Rd1 Nf4 43. Bf1 Rhg6 44. Rd6 Rxd6 45. Nxd6 Kg7 46. Kg3 Kf6+ 47. Kf2 Nd5 48. Nde4+ Kf5 49. Ng3+ Kf6 50. Bxa6 Nf4 51. Nge4+ Ke7 52. Bf1 Bxe4 53. Nxe4 Rc8 54. Ke3 Rc3+ 55. Nxc3 1-0


[Site "https://www.chess.com"]

[Event "Titled Tuesday Blitz March 07 Early 2023"]
[White "Sarkar, Justin"]
[Black "Kumaran, B"]
[WhiteFideId "2010011"]
[BlackFideId "5038472"]
[WhiteElo "2189"]
[BlackElo "2198"]
[Result "1/2-1/2"]
[Round "01"]
[TimeControl "180+2"]
[Date "2023.03.07"]
[WhiteClock "0:00:04"]
[BlackClock "0:00:48"]

1. e4 c5 2. Nf3 Nc6 3. d4 cxd4 4. Nxd4 e5 5. Nb5 Nf6 6. Bg5 a6 7. Bxf6 gxf6 8. Nd6+ Bxd6 9. Qxd6 Qe7 10. Qd2 d6 11. Nc3 Be6 12. f4 f5 13. exf5 Bxf5 14. Nd5 Qd8 15. O-O-O Rc8 16. c3 Nd4 17. Bd3 Bxd3 18. Qxd3 Qa5 19. Nf6+ Ke7 20. Kb1 Kxf6 21. fxe5+ dxe5 22. cxd4 Rhe8 23. Qxh7 Rf8 24. dxe5+ Ke7 25. e6 Qg5 26. exf7 Rxf7 27. Rhe1+ Kf8 28. Qh8+ Qg8 29. Qh6+ Qg7 30. Qxg7+ Kxg7 31. g3 Rf2 32. Re7+ Kg6 33. Rxb7 Rcc2 34. a4 Rxh2 35. Rc1 Rcg2 36. Rc6+ Kf5 37. Rxa6 Rxg3 38. Ka2 Ke5 39. a5 Rg4 40. Ra8 Ra4+ 41. Kb3 Rhh4 42. a6 Ra5 43. a7 Rha4 44. Re8+ Kd6 45. Rd8+ Kc6 46. a8=Q Rxa8 47. Rxa8 Rxa8 48. Rb4 Rg8 49. Rc4+ Kb6 50. Rb4+ Kc6 51. Rc4+ Kb6 52. Rb4+ Kc5 53. Rc4+ Kb5 54. Rb4+ Kc6 1/2-1/2


[Site "https://www.chess.com"]

[Event "Titled Tuesday Blitz March 07 Early 2023"]
[White "Matinian, Nikita"]
[Black "Vasques, Antonio Pedro Freixial"]
[WhiteFideId "24129100"]
[BlackFideId "1908332"]
[WhiteElo "2422"]
[BlackElo "2212"]
[Result "1-0"]
[Round "01"]
[TimeControl "180+2"]
[Date "2023.03.07"]
[WhiteClock "0:00:46"]
[BlackClock "0:00:05"]

1. e4 c5 2. Nf3 Nc6 3. Bb5 g6 4. Bxc6 dxc6 5. d3 Bg7 6. h3 Nf6 7. Nc3 Nd7 8. Be3 e5 9. Qd2 h6 10. O-O b6 11. Nh2 Nf8 12. f4 exf4 13. Rxf4 Ne6 14. Rf2 Nd4 15. Raf1 Be6 16. a4 Qd7 17. a5 O-O-O 18. axb6 axb6 19. Na4 Kb7 20. Ng4 h5 21. Nf6 Bxf6 22. Rxf6 Qd6 23. b3 Qe5 24. Rxf7+ Bxf7 25. Rxf7+ Ka6 26. Qf2 g5 27. Qf1 Nxc2 28. d4+ b5 29. dxe5 Nxe3 30. Qe2 Rd1+ 31. Kh2 g4 32. Nxc5+ Kb6 33. Rb7+ Kxc5 34. Qxe3+ Kb4 35. e6 h4 36. hxg4 1-0


[Site "https://www.chess.com"]

[Event "Titled Tuesday Blitz March 07 Early 2023"]
[White "Tarasova, Viktoriya"]
[Black "Solovchuk, Oleksiy"]
[WhiteFideId "4175840"]
[BlackFideId "14115220"]
[WhiteElo "2182"]
[BlackElo "2291"]
[Result "0-1"]
[Round "01"]
[TimeControl "180+2"]
[Date "2023.03.07"]
[WhiteClock "0:00:35"]
[BlackClock "0:02:18"]

1. d4 Nf6 2. c4 e6 3. Nc3 Bb4 4. Nf3 b6 5. e3 Bb7 6. Bd3 c5 7. O-O O-O 8. a3 Bxc3 9. bxc3 Nc6 10. e4 d6 11. Bg5 h6 12. Bh4 e5 13. d5 Na5 14. Nd2 g5 15. Bg3 Kg7 16. Qe2 Bc8 17. h3 Bd7 18. Rab1 Rh8 19. Nb3 Nxb3 20. Rxb3 Ba4 21. Rb2 Qd7 22. h4 Rab8 23. Rfb1 Kg6 24. Bc2 Bxc2 25. Qxc2 Qg4 26. hxg5 hxg5 27. Re1 Rh6 28. Bh2 Qh5 0-1


[Site "https://www.chess.com"]

[Event "Titled Tuesday Blitz March 07 Early 2023"]
[White "Tatarinov, Dmitry"]
[Black "Topalov, Aleksandar"]
[WhiteFideId "24160067"]
[BlackFideId "925659"]
[WhiteElo "2326"]
[BlackElo "2151"]
[Result "0-1"]
[Round "01"]
[TimeControl "180+2"]
[Date "2023.03.07"]
[WhiteClock "0:00:12"]
[BlackClock "0:00:11"]

1. e4 e6 2. d4 d5 3. Nd2 Nf6 4. e5 Ng8 5. f4 Ne7 6. Ndf3 h5 7. Bd3 g6 8. Ne2 Qd7 9. O-O b6 10. Be3 Ba6 11. Bxa6 Nxa6 12. a4 Nf5 13. Bf2 c5 14. a5 b5 15. dxc5 Nxc5 16. Ned4 Nxd4 17. Bxd4 a6 18. Kh1 Rc8 19. c3 Be7 20. g3 Ne4 21. Nd2 Nc5 22. Kg2 Kf8 23. h3 Na4 24. Rb1 Bc5 25. Nf3 Qc7 26. b3 Bxd4 27. bxa4 Bxc3 28. axb5 axb5 29. Rxb5 Bxa5 30. Qd4 Bc3 31. Qf2 Qc4 32. Rb7 Kg7 33. Ng5 Rc7 34. Rfb1 Rhc8 35. g4 Bd4 36. Qd2 hxg4 37. hxg4 Bxe5 38. R1b4 Qc2 39. Qxc2 Rxc2+ 40. Kf1 Bc7 41. Ra4 Rh8 42. Kg1 Rh4 43. Raa7 Rxg4+ 44. Kh1 Rxf4 45. Nxe6+ fxe6 46. Rxc7+ Rxc7 47. Rxc7+ Kf6 48. Rc4 Rxc4 0-1


[Site "https://www.chess.com"]

[Event "Titled Tuesday Blitz March 07 Early 2023"]
[White "Garic, Radomir"]
[Black "Hernandez Gonzalez, William"]
[WhiteFideId "920959"]
[BlackFideId "3509915"]
[WhiteElo "2204"]
[BlackElo "2374"]
[Result "1-0"]
[Round "01"]
[TimeControl "180+2"]
[Date "2023.03.07"]
[WhiteClock "0:00:07"]
[BlackClock "0:00:13"]

1. e4 c5 2. Nf3 Nc6 3. Bb5 e6 4. O-O Nge7 5. Re1 a6 6. Bf1 b5 7. c3 d5 8. exd5 Nxd5 9. d4 cxd4 10. Nxd4 Bb7 11. Nxc6 Bxc6 12. Nd2 Be7 13. Nb3 O-O 14. Qe2 Qc7 15. Bd2 Bf6 16. Rad1 h6 17. Bc1 Bb7 18. Nd4 Rfe8 19. Qg4 Kf8 20. Qh5 Rad8 21. a3 Bxd4 22. Rxd4 Nf6 23. Qd1 Rxd4 24. Qxd4 Rd8 25. Qb4+ Kg8 26. Bf4 Qc6 27. h3 Nd5 28. Qd4 Rd7 29. Qe5 Nxf4 30. Qxf4 Qd6 31. Qxd6 Rxd6 32. f3 Rd2 33. Re2 Rd1 34. Kf2 Bd5 35. Re1 Rd2+ 36. Re2 Rxe2+ 37. Bxe2 Kf8 38. Ke3 Ke7 39. g3 Kd6 40. f4 f6 41. a4 Bc6 42. Kd4 e5+ 43. fxe5+ fxe5+ 44. Ke3 Kc5 45. b4+ Kd6 46. a5 Bd5 47. Bd3 g5 48. h4 gxh4 49. gxh4 Ke6 50. Bg6 Bc6 51. Bh5 Bg2 52. Bg4+ Kd6 53. Bc8 Kd5 54. Bb7+ Kc4 55. Bxg2 Kxc3 56. Bb7 Kxb4 57. Bxa6 Kxa5 58. Bb7 b4 59. Ke4 Kb6 60. Bc8 Kc7 61. Be6 Kd6 62. Bb3 Ke7 63. Kf5 Kd6 64. Ba2 Ke7 65. Kxe5 Kf8 66. Kf6 h5 67. Kg6 Ke7 68. Kxh5 Kf8 69. Kg6 Ke7 70. h5 Kd6 71. h6 1-0


[Site "https://www.chess.com"]